 Dungeon Crawl Stone Soup version 0.22-a0-422-g9628fc8 (webtiles) character file.

32 ishbrosef the Charmwright (level 3, 28/28 HPs)
             Began as a Gnoll Wanderer on Dec 26, 2017.
             Got out of the dungeon alive.
             The game lasted 00:03:44 (1358 turns).

ishbrosef the Charmwright (Gnoll Wanderer)          Turns: 1358, Time: 00:03:45

Health: 28/28      AC:  3    Str: 15    XL:     3   Next: 27%
Magic:  4/4        EV: 12    Int: 14    God:
Gold:   33         SH:  0    Dex: 14    Spells: 3/3 levels left

rFire    . . .     SeeInvis .   e - +0 club
rCold    . . .     Gourm    .   (no shield)
rNeg     . . .     Faith    .   a - +0 leather armour
rPois    .         Spirit   .   (no helmet)
rElec    .         Reflect  .   (no cloak)
rCorr    .         Harm     .   (no gloves)
MR       .....                  (no boots)
Stlth    +.........             (no amulet)
HPRegen  0.09/turn              k - ring of flight {+Fly, !d}
MPRegen  0.09/turn              (no ring)

@: no status effects
A: distributed training, fangs 1, strong nose
a: Evoke Flight


You escaped.
You were hungry.

You visited 1 branch of the dungeon, and saw 1 of its levels.

You collected 33 gold pieces.

Inventory:

Hand Weapons
 e - a +0 club (weapon)
Missiles
 b - 2 throwing nets {=f, !d}
 l - 12 arrows
 s - 3 tomahawks of dispersal {=f}
Armour
 a - a +0 leather armour (worn)
 q - a +0 cloak
   (You found it on level 1 of the Dungeon)
 r - a +0 cloak
   (You found it on level 1 of the Dungeon)
 t - a +0 helmet
   (You found it on level 1 of the Dungeon)
Jewellery
 k - a ring of flight (left hand) {+Fly, !d}
   (You found it on level 1 of the Dungeon)
Scrolls
 g - a scroll of enchant weapon {unknown}
 h - 4 scrolls of identify {unknown}
 j - 2 scrolls of remove curse {unknown}
 n - a scroll of teleportation {unknown}
 p - a scroll of immolation {unknown}
Potions
 d - 2 potions of lignification {!q}
 i - 2 potions of might {unknown}
 m - a potion of curing {unknown}
 o - 2 potions of brilliance {unknown}
Comestibles
 f - a ration {@e1}


   Skills:
 + Level 2.5 Fighting
 + Level 0.6 Short Blades
 + Level 0.6 Long Blades
 + Level 0.6 Axes
 + Level 0.6 Maces & Flails
 + Level 0.6 Polearms
 + Level 0.6 Staves
 + Level 0.6 Slings
 + Level 0.6 Bows
 + Level 0.6 Crossbows
 + Level 2.5 Throwing
 + Level 0.6 Armour
 + Level 2.5 Dodging
 + Level 0.6 Stealth
 + Level 0.6 Shields
 + Level 2.5 Unarmed Combat
 + Level 0.6 Spellcasting
 + Level 0.4 Conjurations
 + Level 3.7 Hexes
 + Level 5.4 Charms
 + Level 0.4 Summonings
 + Level 0.4 Necromancy
 + Level 0.4 Translocations
 + Level 0.4 Transmutations
 + Level 0.4 Fire Magic
 + Level 0.4 Ice Magic
 + Level 0.4 Air Magic
 + Level 0.4 Earth Magic
 + Level 0.4 Poison Magic
 + Level 0.8 Invocations
 + Level 2.5 Evocations


You had 3 spell levels left.
You didn't know any spells.
Your spell library contained the following spells:

 Spells                   Type           Power        Failure   Level  Hunger
 Conjure Flame            Conj/Fire      #.......     63%         3    ####...
 Flame Tongue             Conj/Fire      #....        28%         1    ##.....


Dungeon Overview and Level Annotations

Branches:
Dungeon (1/15)

Altars:


Innate Abilities, Weirdness & Mutations

Your experience applies equally to all skills.
You have very sharp teeth.
Your uncanny sense of smell can sniff out nearby items.


Message History

You hit the bat. The bat hits you but does no damage.
You closely miss the bat. The bat barely misses you.
You closely miss the bat. The bat closely misses you.
You closely miss the bat. The bat hits you but does no damage.
The bat closely misses you.
You miss the bat. The bat hits you. The bat barely misses you.
You closely miss the bat. The bat closely misses you.
The bat hits you but does no damage. The bat hits you.
You take 1 damage, and have 26/28 hp.
You miss the bat. The bat hits you.
You take 1 damage, and have 25/28 hp.
The bat misses you. The bat hits you.
You take 1 damage, and have 24/28 hp.
You hit the bat. The bat closely misses you. The bat barely misses you.
The bat hits you.
You take 1 damage, and have 23/28 hp.
You hit the bat.
You kill the bat!
No target in view!
No target in view!
No target in view!
No target in view!
No target in view!
No target in view!
No target in view!
No target in view!
No target in view!
No target in view!
No target in view!
No target in view!
No target in view!
No target in view!
No target in view!
No target in view!
No target in view!
No target in view!
No target in view!
You see here a whip.
s - 3 tomahawks of dispersal {=f} You see here a dart slug corpse.
A hobgoblin comes into view. It is wielding a club.
The hobgoblin shouts!
Health restored: 28 The hobgoblin closely misses you.
You hit the hobgoblin. The hobgoblin barely misses you.
You hit the hobgoblin.
You kill the hobgoblin!
No target in view!
Things that are here:
a club; a hobgoblin corpse
j - 2 scrolls labeled BEIDOSK PIORR (gained 1) Eating one of 6 chunks of flesh {@w0}.
You eat one of the 6 chunks of flesh {@w0}.
You see here a rat corpse.
Some of the chunks of flesh in your inventory have rotted away.
There is an open door here.
There is a stone staircase leading down here.
t - a helmet All of the chunks of flesh in your inventory have rotted away.
You now have 33 gold pieces (gained 11).
q - a cloak You see here a stone.
There is an open door here.
You open the door.
A kobold comes into view.
The kobold throws a stone.
The stone barely misses you.
There is an open door here.
You hit the kobold but do no damage. The kobold barely misses you.
You hit the kobold but do no damage. The kobold hits you.
You take 3 damage, and have 25/28 hp.
You closely miss the kobold. Your bite misses the kobold.
The kobold hits you but does no damage.
You hit the kobold.
You kill the kobold!
No target in view!
No target in view!
You see here a kobold corpse.
Done exploring.
Done exploring.
Quiver which item? (- for none, * to show all) (? for menu, Esc to quit)
Okay, then.
Okay, then.
Unknown command.
Unknown command.
Welcome back, ishbrosef the Gnoll Wanderer.
Welcome back, ishbrosef the Gnoll Wanderer.
You see here a kobold corpse.
There is an open door here.
You see here a stone.
There is an open door here.
You are feeling hungry.
Health restored: 28 Unknown command.
You see here a stone.
There is a staircase leading out of the dungeon here.
Are you sure you want to leave the Dungeon?
This will make you lose the game! [Y]es or [N]o only, please.
Are you sure you want to leave the Dungeon?
This will make you lose the game!
You have escaped!

#.# #.#...##........# #.#
#...............# #.#
#.......#.......#
#.####......###......#
#.#..........#.......#
#.#..................#
#.#......#...#>..#...#
#.####..###.###.###..# #.#
#...#..@#...#...########
#.####.......................
#............#.......########
#######.....###......#
#......#.......#
#..............#
######.........#
#...........##.########
###.####.................


There were no monsters in sight!

Vanquished Creatures
  A dart slug (D:1)
  A leopard gecko (D:1)
  A ball python (D:1)
  6 goblins (D:1)
  3 hobgoblins (D:1)
  6 bats (D:1)
  A frilled lizard (D:1)
  3 kobolds (D:1)
  7 rats (D:1)
29 creatures vanquished.

Notes
Turn   | Place    | Note
-------+----------+-------------------------------------------
     0 | D:1      | ishbrosef the Gnoll Wanderer began the quest for the Orb.
     0 | D:1      | ishbrosef set off with: a +0 leather armour, 2 throwing nets {=f, !d}, the Disquisition on Ignition, a potion of lignification {!q}, a +0 club, a ration {@e1}
     0 | D:1      | Reached XP level 1. HP: 17/17 MP: 2/2
   213 | D:1      | Reached XP level 2. HP: 17/23 MP: 3/3
   826 | D:1      | Reached XP level 3. HP: 27/28 MP: 4/4
  1306 | D:1      | Upgraded the game from 0.21-a0-630-g344d351 to 0.22-a0-422-g9628fc8
  1358 | D:$      | Got out of the dungeon alive.

Vault maps used:
D:1:      minmay_arrival_five_plusses

Action                   || total
-------------------------++-------
Melee: Club              ||   109
       Bite              ||    12
       Punch             ||     1
  Eat: Chunk             ||     1
Armor: Leather armour    ||    71
Dodge: Dodged            ||   173

Table legend:
 A = Spawn XP
 B = Non-spawn XP
 C = Spawn XP percentage of total XP
 D = Spawn monster count
 E = Non-spawn monster count
 F = Spawn count percentage of total count
 G = Total turns spent on level
                    A         B        C        D         E        F      G
               +---------+---------+-------+---------+---------+-------+---------
         Total |       0 |      47 |   0.0 |       0 |      29 |   0.0 |  1358
               +---------+---------+-------+---------+---------+-------+---------
           D:1 |       0 |      47 |   0.0 |       0 |      29 |   0.0 |  1358
               +---------+---------+-------+---------+---------+-------+---------

Vault maps used:
D:1:      minmay_arrival_five_plusses

Table legend:
 A = Turns spent in this place as a percentage of turns spent in the entire game.
 B = Non-inter-level travel turns spent in this place as a percentage of non-inter-level travel turns spent in the entire game.
 C = Inter-level travel turns spent in this place as a percentage of turns spent in this place.
 D = Turns resting spent in this place as a percentage of non-inter-level travel turns spent in this place.
 E = Turns spent auto-exploring this place as a percentage of non-inter-level travel turns spent in this place.
 F = Non-inter-level travel turns spent in this place divided by the number of levels of this place that you've seen.
                   A       B       C       D       E      F
               +-------+-------+-------+-------+-------+----------------------
         Total | 100.0 | 100.0 |   3.2 |  21.7 |  49.4 | 1314.0
       Dungeon | 100.0 | 100.0 |   3.2 |  21.7 |  49.4 | 1314.0
               +-------+-------+-------+-------+-------+----------------------

Table legend:
 A = Kills in this place as a percentage of kills in entire the game.
 B = Kills by you in this place as a percentage of kills by you in the entire game.
 C = Kills by friends in this place as a percentage of kills by friends in the entire game.
 D = Other kills in this place as a percentage of other kills in the entire game.
 E = Experience gained in this place as a percentage of experience gained in the entire game.
 F = Experience gained in this place divided by the number of levels of this place that you have seen.
                   A       B       C       D       E      F
               +-------+-------+-------+-------+-------+----------------------
         Total | 100.0 | 100.0 |   N/A |   N/A | 100.0 |  47.0
       Dungeon | 100.0 | 100.0 |   N/A |   N/A | 100.0 |  47.0
               +-------+-------+-------+-------+-------+----------------------
